 Dungeon Crawl Stone Soup version 0.27-a0-705-ga0013940fb (webtiles) character file.

Game seed: 1305470256192904246

189 gruber the Grasshopper (level 5, 0/43 HPs)
             Began as a Gnoll Warper on Mar 22, 2021.
             Blown up by a gnoll (25 damage)
             ... with a mindburst bolt
             ... on level 3 of the Dungeon.
             The game lasted 00:04:24 (4859 turns).

gruber the Grasshopper (Gnoll Warper)               Turns: 4859, Time: 00:04:24

Health: 0/43       AC:  4    Str: 10    XL:     5   Next: 68%
Magic:  12/12      EV: 12    Int: 14    God:
Gold:   65         SH:  0    Dex: 11    Spells: 12/14 levels left

rFire    . . .     SeeInvis .   u - +2 dagger (venom)
rCold    . . .     Faith    .   (no shield)
rNeg     . . .     Spirit   .   b - +0 leather armour
rPois    .         Reflect  .   t - +0 helmet
rElec    .         Harm     .   (no cloak)
rCorr    .         Rampage  .   (no gloves)
Will     .....                  (no boots)
Stlth    +.........             (no amulet)
HPRegen  0.14/turn              (no ring)
MPRegen  0.13/turn              (no ring)

@: no status effects
A: fangs 1, strong nose, distributed training
a: no special abilities


You were on level 3 of the Dungeon.
You visited 1 branch of the dungeon, and saw 3 of its levels.

You collected 65 gold pieces.

Inventory:

Hand Weapons
 a - a +0 spear
 m - a +0 hunting sling
 u - a +2 dagger of venom (weapon)
Missiles
 e - 5 boomerangs of dispersal
 i - 8 atropa-tipped darts
 n - 10 stones
 y - 34 sling bullets
 z - 5 boomerangs
Armour
 b - a +0 leather armour (worn)
 t - a +0 helmet (worn)
 v - a +0 kite shield
Magical Staves
 r - a staff of conjuration
Jewellery
 s - an amulet of guardian spirit
Scrolls
 c - a scroll of amnesia {unknown}
 d - a scroll of blinking
 f - 7 scrolls of identify {unknown}
 l - 3 scrolls of teleportation {unknown}
 x - a scroll of random uselessness {unknown}
Potions
 g - a potion of degeneration {unknown}
 h - a potion of might {unknown}
 j - 2 potions of curing {unknown}
 k - a potion of cancellation {unknown}
 o - a potion of haste {unknown}
 p - a potion of magic {unknown}
 q - 2 potions of resistance {unknown}
 w - a potion of heal wounds {unknown}


   Skills:
 + Level 4.8 Fighting
 + Level 1.6 Short Blades
 + Level 1.6 Long Blades
 + Level 1.6 Axes
 + Level 1.6 Maces & Flails
 + Level 4.8 Polearms
 + Level 1.6 Staves
 + Level 1.6 Slings
 + Level 1.6 Bows
 + Level 1.6 Crossbows
 + Level 3.0 Throwing
 + Level 3.0 Armour
 + Level 4.8 Dodging
 + Level 1.6 Stealth
 + Level 1.6 Shields
 + Level 1.6 Unarmed Combat
 + Level 5.2 Spellcasting
 + Level 1.2 Conjurations
 + Level 1.2 Hexes
 + Level 1.2 Summonings
 + Level 1.2 Necromancy
 + Level 5.5 Translocations
 + Level 1.2 Transmutations
 + Level 1.2 Fire Magic
 + Level 1.2 Ice Magic
 + Level 1.2 Air Magic
 + Level 1.2 Earth Magic
 + Level 1.2 Poison Magic
 + Level 1.8 Invocations
 + Level 1.6 Evocations


You had 12 spell levels left.
You knew the following spells:

 Your Spells              Type           Power      Damage    Failure   Level
a - Blink                 Tloc           N/A        N/A       3%          2

Your spell library contained the following spells:

 Spells                   Type           Power      Damage    Failure   Level
 Gell's Gravitas          Tloc           9%         N/A       7%          3
 Lesser Beckoning         Tloc           9%         N/A       7%          3
 Teleport Other           Tloc           19%        N/A       7%          3
 Magic Dart               Conj           28%        1d4       13%         1
 Call Imp                 Summ           7%         N/A       21%         2
 Slow                     Hex            7%         N/A       21%         2
 Manifold Assault         Tloc           19%        N/A       22%         4
 Confusing Touch          Hex            7%         N/A       36%         3
 Conjure Flame            Conj/Fire      7%         6-21      36%         3
 Mephitic Cloud           Conj/Pois/Air  7%         N/A       36%         3
 Petrify                  Tmut/Erth      7%         N/A       78%         4
 Metabolic Englaciation   Hex/Ice        3%         N/A       98%         5
 Yara's Violent Unravell  Hex/Tmut       3%         3d4       98%         5


Dungeon Overview and Level Annotations

Branches:
Dungeon (3/15)

Altars:


Innate Abilities, Weirdness & Mutations

You have very sharp teeth.
Your uncanny sense of smell can sniff out nearby items.
Your experience applies equally to all skills.


Message History

You pick up a book of Minor Magic and begin reading...
You add the spells Magic Dart, Call Imp, Slow, Conjure Flame and Mephitic Cloud to your library.
Saving game... please wait.
Welcome back, gruber the Gnoll Warper.
Press ? for a list of commands and other information.
Found a scroll of blinking.
You see here 22 stones.
A gnoll is nearby!
A gnoll is nearby!
A gnoll is nearby!
A gnoll is nearby!
You shoot a stone. The stone closely misses the gnoll.
The gnoll shouts!
You shoot a stone. The stone closely misses the gnoll.
You shoot a stone. The stone hits the gnoll.
The gnoll is moderately wounded.
You shoot a stone. The stone closely misses the gnoll.
You shoot a stone.
The stone hits the gnoll but does no damage.
The gnoll is moderately wounded.
You shoot a stone. The stone completely misses the gnoll.
The gnoll completely misses you.
You shoot a stone. The stone barely misses the gnoll.
The gnoll hits you with a +0 whip.
You shoot a stone. The stone hits the gnoll.
The gnoll is heavily wounded.
The gnoll completely misses you.
You shoot a stone. The stone barely misses the gnoll.
The gnoll zaps a wand.
Your mind is blasted!
You shoot a stone. The stone hits the gnoll.
The gnoll is almost dead.
The gnoll hits you with a +0 whip.
Your +2 dagger of venom begins to drip with poison!
u - a +2 dagger of venom (weapon)
The gnoll hits you with a +0 whip.
You closely miss the gnoll.
The gnoll is almost dead.
The gnoll zaps a wand.
Your mind is blasted!
Ouch! That really hurt!
You die...

.........## .....####.# #.#....#
........... ......## #.##..#....#
........#..)#.......##....##....#
.#######..# . #......###....# .#
##.########....## .....# .#
(.......##..#### #.....# ..
..(.....##.## #.....# ..
.....(.....# #.##### ..#
(.....g@...# ........##.#
........##... ?.......#####.
........# # ........# #########


You could see a gnoll.

Vanquished Creatures
  An orc priest (D:3)
  Robin (D:2)
  3 gnolls (D:3)
  3 adders
  5 worms (D:2)
  3 orcs
  11 giant cockroaches
  6 hobgoblins
  4 oozes
  2 quokkas (D:1)
  6 ball pythons
  10 bats
  4 frilled lizards
  8 goblins
  6 kobolds
  3 rats
76 creatures vanquished.

Notes
Turn   | Place    | Note
-------+----------+-------------------------------------------
     0 | D:1      | gruber the Gnoll Warper began the quest for the Orb.
     0 | D:1      | Reached XP level 1. HP: 20/20 MP: 6/6
   469 | D:1      | Reached XP level 2. HP: 25/26 MP: 7/7
   472 | D:1      | Learned a level 2 spell: Blink
  1853 | D:2      | Reached skill level 5 in Spellcasting
  1853 | D:2      | Reached XP level 3. HP: 20/31 MP: 7/9
  2180 | D:2      | Reached skill level 1 in Invocations
  2343 | D:2      | Reached skill level 1 in Short Blades
  2343 | D:2      | Reached skill level 1 in Long Blades
  2343 | D:2      | Reached skill level 1 in Axes
  2343 | D:2      | Reached skill level 1 in Maces & Flails
  2343 | D:2      | Reached skill level 1 in Staves
  2343 | D:2      | Reached skill level 1 in Slings
  2343 | D:2      | Reached skill level 1 in Bows
  2343 | D:2      | Reached skill level 1 in Crossbows
  2343 | D:2      | Reached skill level 1 in Stealth
  2343 | D:2      | Reached skill level 1 in Shields
  2343 | D:2      | Reached skill level 1 in Unarmed Combat
  2343 | D:2      | Reached skill level 1 in Evocations
  2577 | D:2      | Noticed Robin
  2579 | D:2      | Reached XP level 4. HP: 38/38 MP: 11/11
  2643 | D:2      | Killed Robin
  3411 | D:2      | Reached skill level 1 in Conjurations
  3411 | D:2      | Reached skill level 1 in Hexes
  3411 | D:2      | Reached skill level 1 in Summonings
  3411 | D:2      | Reached skill level 1 in Necromancy
  3411 | D:2      | Reached skill level 1 in Transmutations
  3411 | D:2      | Reached skill level 1 in Fire Magic
  3411 | D:2      | Reached skill level 1 in Ice Magic
  3411 | D:2      | Reached skill level 1 in Air Magic
  3411 | D:2      | Reached skill level 1 in Earth Magic
  3411 | D:2      | Reached skill level 1 in Poison Magic
  3850 | D:3      | Reached XP level 5. HP: 33/43 MP: 12/12
  4859 | D:3      | Blown up by a gnoll

Illustrated notes

Levels and vault maps discovered:
D:1:      dpeg_arrival_water_fire, layout_loops_ring
D:2:      layout_basic, minmay_crystal_water, uniq_robin
D:3:      minmay_roachtagon, layout_rooms

Skill      XL: |  1  2  3  4  5 |
---------------+----------------+-----
Spellcasting   | 5 |  5.2
Invocations    | 1 |  1.8
Short Blades   | 1 |  1.6
Long Blades    | 1 |  1.6
Axes           | 1 |  1.6
Maces & Flails | 1 |  1.6
Staves         | 1 |  1.6
Slings         | 1 |  1.6
Bows           | 1 |  1.6
Crossbows      | 1 |  1.6
Stealth        | 1 |  1.6
Shields        | 1 |  1.6
Unarmed Combat | 1 |  1.6
Evocations     | 1 |  1.6
Conjurations   | 1 |  1.2
Hexes          | 1 |  1.2
Summonings     | 1 |  1.2
Necromancy     | 1 |  1.2
Transmutations | 1 |  1.2
Fire Magic     | 1 |  1.2
Ice Magic      | 1 |  1.2
Air Magic      | 1 |  1.2
Earth Magic    | 1 |  1.2
Poison Magic   | 1 |  1.2
Throwing       | 3 |  3.0
Armour         | 3 |  3.0
Fighting       | |  4.8
Polearms       | |  4.8
Dodging        | |  4.8
Translocations | |  5.5

Action                   |  1- 3 |  4- 6 || total
-------------------------+-------+-------++-------
Melee: Spear             |   108 |    12 ||   120
       Bite              |    11 |     8 ||    19
       Punch             |     1 |       ||     1
       Dagger            |       |    45 ||    45
 Fire: Hunting sling     |    67 |   125 ||   192
 Stab: Sleeping          |     1 |     1 ||     2
Armor: Leather armour    |    13 |    22 ||    35
Dodge: Dodged            |    40 |   103 ||   143

Table legend: (Time is in decaauts)
 A = Elapsed time spent in this place.
 B = Non-inter-level travel time spent in this place.
 C = Inter-level travel time spent in this place.
 D = Time resting spent in this place.
 E = Time spent auto-exploring this place.
 F = Levels seen in this place.
 G = Mean time per level.
                   A        B        C        D        E       F      G
               +--------+--------+--------+--------+--------+-----+--------+
         Total |   4867 |   4484 |    383 |    448 |   3332 |   3 | 1622.3 |
       Dungeon |   4867 |   4484 |    383 |    448 |   3332 |   3 | 1622.3 |
               +--------+--------+--------+--------+--------+-----+--------+

Top non-repeatable levels by time:
     D:2: 2710 daAuts
     D:1: 1204 daAuts
     D:3: 951 daAuts
